 Dungeon Crawl Stone Soup version 0.28-a0-828-g0121872642 (webtiles) character file.

Game seed: 8896301989300934238

2131 Foxy the Spear-Bearer (level 9, -2/97 HPs)
             Began as an Ogre Berserker on Nov 11, 2021.
             Was an Elder of Trog.
             Succumbed to an orc's poison
             ... on level 7 of the Dungeon.
             The game lasted 00:10:47 (7895 turns).

Foxy the Spear-Bearer (Ogre Berserker)              Turns: 7895, Time: 00:10:48

Health: -2/97      AC:  5    Str: 23    XL:     9   Next: 30%
Magic:  9/9        EV: 11    Int:  8    God:    Trog [****..]
Gold:   298        SH:  5    Dex: 11    Spells: 8/8 levels left

rFire   . . .      SeeInvis +   a - +0 spear
rCold   . . .      Faith    .   (no shield)
rNeg    . . .      Spirit   .   k - +1 robe {Archmagi}
rPois   .          Reflect  +   (helmet restricted)
rElec   .          Harm     .   w - +0 cloak
rCorr   .          Rampage  .   (gloves unavailable)
Will    .....      Archmagi +   (boots unavailable)
Stlth   +.........              j - amulet of reflection
HPRegen 0.26/turn               G - ring of see invisible
MPRegen 0.11/turn               (no ring)

@: lethally poisoned (-2 -> -10), on berserk cooldown, slowed, very slow
A: large, unfitting armour, tough skin 1
a: Renounce Religion, Berserk, Trog's Hand, Brothers in Arms


You were on level 7 of the Dungeon.
You worshipped Trog.
Trog was greatly pleased with you.
You visited 1 branch of the dungeon, and saw 7 of its levels.
You also visited: Ossuary.

You collected 298 gold pieces.

Inventory:

Hand Weapons
 a - a +0 spear (weapon)
 u - a +2 whip of venom
Missiles
 b - 30 poisoned darts (quivered)
Armour
 k - a +1 robe of the Archmagi (worn)
 w - a +0 cloak (worn)
Jewellery
 f - a ring of ice
 j - an amulet of reflection (around neck)
 v - a ring of fire
 G - a ring of see invisible (left hand)
Wands
 q - a wand of iceblast (11)
Scrolls
 c - 7 scrolls of identify {unknown}
 d - 3 scrolls of enchant armour {unknown}
 e - 5 scrolls of teleportation {unknown}
 h - 2 scrolls of blinking {unknown}
 i - a scroll of fog {unknown}
 m - a scroll of holy word {unknown}
 n - a scroll of acquirement {unknown}
 r - a scroll of enchant weapon {unknown}
 t - a scroll of magic mapping {unknown}
 y - 2 scrolls of noise {unknown}
 E - a scroll of amnesia {unknown}
 F - a scroll of fear {unknown}
Potions
 g - 2 potions of lignification {unknown}
 l - a potion of brilliance {unknown}
 o - a potion of mutation {unknown}
 p - 2 potions of curing {unknown}
 s - 4 potions of haste {unknown}
 x - 3 potions of heal wounds {unknown}
 z - a potion of cancellation {unknown}
 A - a potion of degeneration {unknown}
 B - a potion of might {unknown}
 C - a potion of ambrosia {unknown}
 D - a potion of attraction {unknown}
 H - a potion of magic {unknown}


   Skills:
 + Level 8.8 Fighting
 * Level 9.1 Polearms
 + Level 6.1 Dodging


You had 8 spell levels left.
You didn't know any spells.
Your spell library was empty.

Dungeon Overview and Level Annotations

Branches:
Dungeon (7/15)             Temple (0/1) D:4         Ossuary (visited)

Altars:
Dithmenos
Sif Muna
Trog
Zin

Shops:
D:4 :

Annotations:
D:4 2 transporters, CryptKilla's ghost, amateur MiBe


Innate Abilities, Weirdness & Mutations

You are too large for most types of armour.
You have tough skin. (AC +1)


Message History

The gnoll sergeant hits you from afar with a +0 trident.
You reach to attack!
You barely miss the gnoll sergeant.
The gnoll sergeant is heavily wounded.
The gnoll sergeant hits you from afar with a +0 trident!
An orc comes into view. It is wielding a +2 flail of venom.
You are too injured to fight recklessly!
You are too injured to fight recklessly!
You are too injured to fight recklessly!
You are too injured to fight recklessly!
You are too injured to fight recklessly!
You are too injured to fight recklessly!
You are too injured to fight recklessly!
You are too injured to fight recklessly!
You are too injured to fight recklessly!
You are too injured to fight recklessly!
You are too injured to fight recklessly!
You are too injured to fight recklessly!
You are too injured to fight recklessly!
The orc hits you with a +2 flail of venom.
The gnoll sergeant closely misses you.
An orc wizard comes into view. It is wielding a +0 dagger.
An orc comes into view. It is wielding a +0 hand axe.
The orc shouts!
The orc hits you with a +2 flail of venom.
You are poisoned.
You feel very sick. The gnoll sergeant closely misses you.
You feel sick.
The orc hits you with a +2 flail of venom.
* * * LOW HITPOINT WARNING * * *
You are more poisoned.
You feel very sick.
The orc wizard shouts!
The gnoll sergeant hits you from afar with a +0 trident!
* * * LOW HITPOINT WARNING * * *
* * * LOW HITPOINT WARNING * * *
You feel very sick.
The orc hits you with a +2 flail of venom!
* * * LOW HITPOINT WARNING * * *
You die...

#..# .#
#.g###'###.##
#.og†gg###..#
#..###+###..W #og#
.# #gg###.###
####o.......
#...........
#...@.....#.
#..####...........
#...............
#...###.........#.
#. #..<......#
#.........#
.....##...#...
#.##### ...#... ..
....


You could see a gnoll sergeant, an orc wizard, 4 gnolls and 2 orcs.

Vanquished Creatures
  A sky beast (D:6)
  3 centaurs (D:6)
  3 ogres
  3 phantoms
  A scorpion (D:4)
  3 water moccasin zombies (Ossuary)
  A water moccasin skeleton (D:5)
  4 killer bees (D:7)
  A howler monkey (D:6)
  2 hounds
  5 orc priests
  2 bullfrog skeletons
  A gnoll shaman (D:6)
  2 jellies (D:5)
  6 orc wizards
  A hound skeleton (D:5)
  A hound zombie (D:5)
  2 mummies (Ossuary)
  5 gnolls (D:6)
  5 adders
  A shadow imp (D:6)
  2 white imps (D:6)
  2 ufetubi (D:4)
  4 adder zombies (Ossuary)
  An adder skeleton (D:4)
  4 worms
  A dart slug (D:2)
  20 orcs
  5 ball pythons
  5 endoplasms (D:1)
  6 giant cockroaches
  5 gnoll zombies (Ossuary)
  3 goblins
  8 hobgoblins
  2 jackals (D:1)
  8 kobolds
  3 quokkas
  5 bats
  11 frilled lizards (D:1)
  4 kobold zombies (Ossuary)
  5 orc zombies (Ossuary)
  A rat (D:1)
158 creatures vanquished.

Vanquished Creatures (others)
  4 plants (D:1)
4 creatures vanquished.

Grand Total: 162 creatures vanquished

Notes
Turn   | Place    | Note
-------+----------+-------------------------------------------
     0 | D:1      | Foxy the Ogre Berserker began the quest for the Orb.
     0 | D:1      | Reached XP level 1. HP: 24/24 MP: 1/1
    91 | D:1      | Reached XP level 2. HP: 32/32 MP: 2/2
   474 | D:1      | Reached XP level 3. HP: 40/40 MP: 3/3
   506 | D:1      | Reached ** piety under Trog
   725 | D:1      | Found a faded altar of an unknown god.
  1318 | D:2      | Reached skill level 4 in Polearms
  1318 | D:2      | Reached XP level 4. HP: 32/49 MP: 4/4
  2663 | D:3      | Found a shimmering blue altar of Sif Muna.
  2812 | D:3      | Reached skill level 5 in Fighting
  2812 | D:3      | Reached XP level 5. HP: 44/57 MP: 5/5
  3597 | D:4      | Noticed an ogre
  3613 | D:4      | Killed an ogre
  3614 | D:4      | Reached skill level 5 in Polearms
  3614 | D:4      | Reached XP level 6. HP: 42/66 MP: 6/6
  3810 | D:4      | Noticed an ice beast
  3817 | D:4      | Noticed CryptKilla's ghost (amateur MiBe)
  3978 | D:4      | Found a transporter.
  3989 | D:4      | Found a transporter.
  4028 | D:4      | Reached XP level 7. HP: 75/75 MP: 7/7
  4212 | D:4      | Found Bogeytuh's Book Boutique.
  4248 | D:4      | Found a staircase to the Ecumenical Temple.
  4284 | D:4      | Reached skill level 6 in Polearms
  4539 | D:4      | Reached *** piety under Trog
  4637 | D:5      | Entered Level 5 of the Dungeon
  4976 | D:5      | Found a sand-covered staircase.
  4985 | Ossuary  | Entered an ossuary
  5160 | Ossuary  | Reached XP level 8. HP: 84/84 MP: 8/8
  5264 | Ossuary  | Reached skill level 7 in Polearms
  5421 | D:5      | Reached skill level 5 in Dodging
  5557 | D:5      | Found a glowing silver altar of Zin.
  5557 | D:5      | Noticed an angel
  5671 | D:5      | Reached **** piety under Trog
  6279 | D:5      | Found a bloodstained altar of Trog.
  6749 | D:6      | Reached skill level 8 in Polearms
  7209 | D:6      | Reached XP level 9. HP: 75/96 MP: 9/9
  7840 | D:7      | Found a shadowy altar of Dithmenos.
  7851 | D:7      | Reached skill level 9 in Polearms
  7894 | D:7      | HP: 1/97 [orc (7)]
  7895 | D:7      | Succumbed to an orc's poison

Illustrated notes

Levels and vault maps discovered:
D:1:      giann_horns, layout_basic, hellmonk_ecumenical_altar_heavens_door,
          minivault_19, minmay_lizard_king
D:2:      layout_basic
D:3:      layout_basic, mainiacjoe_overflow_24_doors, eino_tiny_chamber
D:4:      layout_gridville, minmay_temple_entry_drinking_statues,
          gammafunk_ghost_arena, serial_shops, shop_coins,
          kennysheep_nondescript, serial_bayou_pond_d
D:5:      layout_loops_ring, zin_angel, general_overflow_altar,
          nicolae_ossuary_entry_monument
D:6:      layout_loops_ring, dk_noncrumbling_3, patterned_corridor
D:7:      layout_rooms, lemuel_doored_altar

Skill      XL: |  1  2  3  4  5  6  7  8  9 |
---------------+----------------------------+-----
Dodging        | 3 4 5 6 |  6.1
Polearms       | 4 5 6 8 9 |  9.1
Fighting       | 5 6 8 |  8.8

Action                   |  1- 3 |  4- 6 |  7- 9 || total
-------------------------+-------+-------+-------++-------
Melee: Spear             |   134 |   182 |   518 ||   834
Throw: Dart              |       |     5 |     3 ||     8
Invok: Berserk           |       |     8 |     9 ||    17
 Stab: Sleeping          |     2 |       |     1 ||     3
Armor: Animal skin       |    20 |    22 |       ||    42
       Robe              |       |     8 |    74 ||    82
Dodge: Dodged            |    40 |    55 |   129 ||   224
Block: Other             |       |    12 |    74 ||    86
       Reflection        |       |       |     3 ||     3

Table legend: (Time is in decaauts)
 A = Elapsed time spent in this place.
 B = Non-inter-level travel time spent in this place.
 C = Inter-level travel time spent in this place.
 D = Time resting spent in this place.
 E = Time spent auto-exploring this place.
 F = Levels seen in this place.
 G = Mean time per level.
                   A        B        C        D        E       F      G
               +--------+--------+--------+--------+--------+-----+--------+
         Total |   7893 |   7708 |    185 |   1305 |   4954 |   8 |  986.6 |
       Dungeon |   7565 |   7380 |    185 |   1176 |   4954 |   7 | 1080.7 |
       Ossuary |    328 |    328 |      0 |    129 |      0 |   1 |  328.0 |
               +--------+--------+--------+--------+--------+-----+--------+

Top non-repeatable levels by time:
     D:2: 1531 daAuts
     D:5: 1421 daAuts
     D:6: 1400 daAuts
     D:3: 1180 daAuts
     D:4: 1079 daAuts
     D:1: 885 daAuts
 Ossuary: 328 daAuts
     D:7: 65 daAuts
